 Dungeon Crawl Stone Soup version 0.29.1-12-g30fa7ad0bf (webtiles) character file.

Game seed: 7387409703570517023

554 Romesagentofchaos the Covert (level 7, -6/45 HPs)
             Began as an Octopode Brigand on Jan 10, 2023.
             Mangled by Duvessa
             ... wielding a +0 short sword
              (9 damage)
             ... on level 4 of the Dungeon.
             The game lasted 00:13:21 (3145 turns).

Romesagentofchaos the Covert (Octopode Brigand)     Turns: 3145, Time: 00:13:21

Health: -6/45      AC:  1    Str: 11    XL:     7   Next: 30%
Magic:  7/7        EV: 13    Int: 19    God:
Gold:   637        SH:  5    Dex: 15    Spells: 6/6 levels left

rFire   + + .      SeeInvis .   f - +4 dagger
rCold   x . .      Faith    .   (no shield)
rNeg    . . .      Spirit   .   (helmet restricted)
rPois   .          Reflect  +   e - amulet of reflection
rElec   .          Harm     .   d - ring of protection from fire
rCorr   .          Rampage  .   g - +6 ring of intelligence
Will    .....                   l - ring of fire
Stlth   +++++.....              (no ring)
HPRegen 0.15/turn               (no ring)
MPRegen 0.10/turn               (no ring)
                                (no ring)
                                (no ring)

@: no status effects
A: almost no armour, amphibious, 8 rings, camouflage 1, gelatinous body 1,
(nimble swimmer 1), tentacles
a: no special abilities


You were on level 4 of the Dungeon.
You visited 1 branch of the dungeon, and saw 4 of its levels.

You collected 637 gold pieces.

Inventory:

Hand Weapons
 a - a +2 dagger
 f - a +4 dagger (weapon)
Missiles
 b - 11 poisoned darts (quivered)
 c - 3 curare-tipped darts
Jewellery
 d - a ring of protection from fire (left tentacle)
 e - an amulet of reflection (around mantle)
 g - a +6 ring of intelligence (right tentacle)
 l - a ring of fire (on tentacle)
Wands
 m - a wand of charming (13)
Scrolls
 i - 2 scrolls of fear
 j - 5 scrolls of identify
 n - a scroll of magic mapping
Potions
 h - a potion of brilliance


   Skills:
 + Level 2.8 Fighting
 + Level 3.8 Short Blades
 + Level 2.1 Throwing
 + Level 2.5 Dodging
 + Level 9.6 Stealth
 + Level 0.9 Shields


You had 6 spell levels left.
You didn't know any spells.
Your spell library was empty.

Dungeon Overview and Level Annotations

Branches:
Dungeon (4/15)
 Temple: D:4-7

Altars:

Annotations:
D:4 Duvessa


Innate Abilities, Weirdness & Mutations

You cannot wear most types of armour.
You are amphibious.
You can wear up to eight rings at the same time.
Your skin changes colour to match your surroundings (Stealth+).
Your rubbery body absorbs attacks. (AC +1, EV +1)
((You are camouflaged when in or above water. (Stealth+)))
You have tentacles for arms and can constrict up to eight enemies at once.


Message History

You skewer Dowan like a kebab!!!
You kill Dowan!
Duvessa screams in rage.
Duvessa goes berserk!
Duvessa hits you with a +0 short sword!
* * * LOW HITPOINT WARNING * * *
You block the phantom's attack.
You feel much better. Duvessa closely misses you.
You block the phantom's attack. You block Duvessa's attack.
You hit the phantom but do no damage.
The phantom is almost destroyed.
Duvessa hits you with a +0 short sword! The phantom barely misses you.
You hit the phantom.
You destroy the phantom!
Duvessa hits you with a +0 short sword!
You hit Duvessa but do no damage. You grab Duvessa.
You constrict Duvessa, but do no damage.
Duvessa hits you with a +0 short sword!
* * * LOW HITPOINT WARNING * * *
You feel much better.
You constrict Duvessa, but do no damage.
Duvessa hits you with a +0 short sword! Duvessa hits you with a +0 short sword.
You feel better.
You constrict Duvessa. You block Duvessa's attack.
You hit Duvessa but do no damage.
Duvessa is lightly wounded.
You constrict Duvessa. Duvessa hits you with a +0 short sword.
Duvessa closely misses you.
You hit Duvessa.
Duvessa is lightly wounded.
You constrict Duvessa, but do no damage.
Duvessa hits you with a +0 short sword.
* * * LOW HITPOINT WARNING * * *
You hit Duvessa but do no damage.
Duvessa is lightly wounded.
You constrict Duvessa. Duvessa hits you with a +0 short sword!
* * * LOW HITPOINT WARNING * * *
You hit Duvessa but do no damage.
Duvessa is lightly wounded.
You constrict Duvessa, but do no damage.
Duvessa hits you with a +0 short sword!
You die...

# ###### .
..########..$... #
#.##....e....... #
#.#....)@.......
#########.#.............
#...............).......
...ยงยง....>##............
........................
#.#######.##############
.... #.# ...... #.#
......# #..


You could see Duvessa (berserk).

Vanquished Creatures
  Sigmund (D:2)
  A phantom (D:4)
  A scorpion (D:3)
  Dowan (D:4)
  A hound (D:4)
  Natasha (thrice) (D:2)
  5 adders (D:2)
  A white imp (D:4)
  A dart slug (D:3)
  An orc (D:3)
  2 endoplasms
  2 giant cockroaches (D:3)
  5 goblins
  7 hobgoblins
  8 kobolds
  2 quokkas (D:1)
  7 ball pythons
  2 bats
  3 frilled lizards
  16 rats
70 creatures vanquished.

Notes
Turn   | Place    | Note
-------+----------+-------------------------------------------
     0 | D:1      | Romesagentofchaos the Octopode Brigand began the quest for
                  | the Orb.
     0 | D:1      | Reached XP level 1. HP: 14/14 MP: 1/1
    34 | D:1      | Identified 2 scrolls of acquirement
    34 | D:1      | Acquired an amulet of reflection
    41 | D:1      | Acquired 390 gold pieces
   170 | D:1      | Reached XP level 2. HP: 19/19 MP: 2/2
   496 | D:1      | Reached skill level 6 in Stealth
   619 | D:1      | Found a faded altar of an unknown god.
  1014 | D:2      | Reached XP level 3. HP: 24/24 MP: 3/3
  1345 | D:2      | Reached XP level 4. HP: 19/29 MP: 4/4
  1542 | D:2      | Noticed Natasha
  1551 | D:2      | Killed Natasha
  1552 | D:2      | Reached skill level 7 in Stealth
  1555 | D:2      | Noticed Natasha
  1563 | D:2      | Killed Natasha
  1572 | D:2      | Noticed Sigmund
  1578 | D:2      | Killed Sigmund
  1579 | D:2      | Reached skill level 8 in Stealth
  1579 | D:2      | Reached XP level 5. HP: 35/35 MP: 5/5
  1579 | D:2      | Reached XP level 6. HP: 41/41 MP: 6/6
  1618 | D:2      | Noticed Natasha
  1622 | D:2      | Killed Natasha
  2303 | D:3      | Reached skill level 9 in Stealth
  2886 | D:4      | Reached XP level 7. HP: 11/45 MP: 7/7
  3128 | D:4      | Noticed Duvessa
  3128 | D:4      | Noticed Dowan
  3135 | D:4      | Killed Dowan
  3139 | D:4      | HP: 1/45 [Duvessa/+0 short sword (15)]
  3145 | D:4      | Mangled by Duvessa

Illustrated notes

Levels and vault maps discovered:
D:1:      matt_arrival_spirals, layout_basic,
          ebering_ecumenical_altar_abandoned, minmay_rat_gold_closets
D:2:      layout_basic, uniq_sigmund, uniq_natasha
D:3:      layout_basic, minmay_crystal_water, chequers_serial_rivers_micro_c,
          minmay_cut_off
D:4:      layout_basic, uniq_duvessa

Skill      XL: |  1  2  3  4  5  6 |
---------------+-------------------+-----
Stealth        | 6 8 9 |  9.6
Short Blades   | 3 |  3.8
Dodging        | 2 |  2.5
Fighting       | |  2.8
Throwing       | |  2.1
Shields        | |  0.9

Action                   |  1- 3 |  4- 6 |  7- 9 || total
-------------------------+-------+-------+-------++-------
Melee: Dagger            |    64 |    50 |    19 ||   133
       Constrict         |    15 |    11 |     1 ||    27
       Tentacles         |     9 |     9 |     3 ||    21
       Punch             |     1 |     1 |       ||     2
  Use: Scroll            |     6 |     5 |       ||    11
       Potion            |     4 |     2 |     3 ||     9
 Stab: Sleeping          |    14 |    13 |     2 ||    29
       Distracted        |       |     1 |       ||     1
Armor: Skin              |     2 |     1 |       ||     3
Dodge: Dodged            |    32 |    17 |     7 ||    56
Block: Other             |     9 |    10 |     5 ||    24
